Unix NetHack Version 3.7.0-62 Work-in-progress - last build Aug 24 2022 02:59:55 (1754fd7919031489bd266d173cb7fe17fa02ec73,branch:master). Game began 2022-08-25 12:26:45, ended 2022-08-26 12:51:58. rootkit, lawful male human Samurai --------- |.......| ----- |.......| ----- ...| |..._...| |... ---------..-- --- |.......| ------ --..--------- |.......|...-- --... | |.......| | ......-- --...|.......| |.......|[@@.---..@.. |. ----.---- .| ....%.*.---....|AA.....| |..._....A%.AA$...@D$. |....A@**.....| ...@...*O@a.@aA-..@@...| |.......|A*@.---..A.@.. ---.........--- ........---....|.....@.| |.......|...-- --.A.A.. -----|----- ...a@..-- --...|.......| ---------@.-- ----.-- -...a@.. ---|--- --..--------- ....| --...------- ...@%... -------.@.| |... ------ ..V........| ....*... |......(..| ----- ..V.A......--....@@.. --...------- ............--...A...--....| .............----%----*..--- .....................*...| ----- -------------------- Rootkit the Daimyo St:25 Dx:17 Co:18 In:10 Wi:17 Ch:8 Lawful S:1029058 Astral Plane $:0 HP:233(233) Pw:88(88) AC:-27 Xp:22/20041684 T:32379 Lev Latest messages: "Mercy! Dost thou wish me to die of laughter?" The priest of Raijin drinks a potion of gain level! The priest of Raijin looks uneasy. The fire ant strikes at thin air! The Angel of Raijin points at you, then curses. The renegade Angel of Amaterasu Omikami points at you, then curses. The Angel of Susanowo points at you, then curses. You stop. The Angel of Amaterasu Omikami is in the way! Death moves the Angel of Raijin out of the way! The Angel of Susanowo points at you, then curses. The priest of Raijin turns to flee. The priest of Raijin wields a mace! The mace welds itself to the priest of Raijin's hand! Death moves the renegade priest of Amaterasu Omikami out of the way! You hear a mumbled curse. The priest of Susanowo wields a mace! There is a high altar to Amaterasu Omikami (lawful) here. Pick an object. Death moves the Angel of Susanowo out of the way! The renegade Angel of Amaterasu Omikami points at you, then curses. The priest of Susanowo turns to flee. Pick an object. You hit the priest of Raijin with the chickatrice corpse. The priest of Raijin is slowing down. The priest of Raijin turns to stone. Pick an object. The renegade Angel of Amaterasu Omikami points at you, then curses. The Angel of Susanowo points at you, then curses. Pick an object. What do you want to wield? [- aeh or ?*] ? e - the blessed rustproof +6 Excalibur (weapon in hand). You begin two-weapon combat. Pick an object. Pick an object. The renegade Angel of Amaterasu Omikami points at you, then curses. You hear a mumbled curse. You hit Death! You kill Death! What do you want to sacrifice? [d or ?*] ? You offer the Amulet of Yendor to Amaterasu Omikami... An invisible choir sings, and you are bathed in radiance... The voice of Amaterasu Omikami thunders: "Mortal, thou hast done well!" "In return for thy service, I grant thee the gift of Immortality!" You ascend to the status of Demigod... Do you want your possessions identified? [ynq] (y) y Do you want to see your attributes? [ynq] (y) y Do you want an account of creatures vanquished? [ynaq] (y) y Do you want a list of species genocided and extinct? [ynq] (y) y Do you want to see your conduct and achievements? [ynq] (y) y Do you want to see the dungeon overview? [ynq] (y) y Major events: Turn 1: rootkit the lawful male human Samurai entered the dungeon 519: entered the Gnomish Mines 704: attained the rank of Ronin (level 3) 1445: entered Sokoban 2029: completed sokoban 1 2386: attained the rank of Ninja (level 6) 2756: completed sokoban 2 3302: completed sokoban 3 4504: completed sokoban 4 4952: acquired the Sokoban amulet of reflection 5683: reached Mine Town 6477: destroyed efw's ghost, the former Aspirant 8774: acquired the Mines' End luckstone 9910: attained the rank of Joshu (level 10) 10665: made his first wish - "blessed greased fixed +2 gray dragon scale mail", got "a greased gray dragon scale mail" 13292: endured an absurd aquatic ceremony, and now wields Excalibur 13852: entered the Bigroom 14598: was crowned "The Hand of Elbereth" by Amaterasu Omikami 17581: entered Gehennom 17800: attained the rank of Ryoshu (level 14) 19632: wished for "uncursed greased fixed magic marker", got "a greased magic marker" 19663: wished for "2 cursed greased fixed potions of invisibility", got "2 greased brilliant blue potions" 19699: killed Ashikaga Takauji 19704: found the Tsurugi of Muramasa 19709: acquired the Bell of Opening 21509: attained the rank of Kokushu (level 18) 21815: found Demonbane on the floor 22191: killed Juiblex 22472: killed the invisible Baalzebub 24320: bribed Asmodeus with 2 zorkmids for safe passage 25395: destroyed Vlad the Impaler 25495: acquired the Candelabrum of Invocation 25722: killed Orcus 25830: wished for "blessed greased fixed +2 cloak of magic resistance", got "a greased opera cloak" 28198: killed Medusa 30172: wished for "blessed greased fixed +2 gauntlets of power", got "a greased pair of padded gloves" 30357: killed the Wizard of Yendor 30359: acquired the Book of the Dead 30364: performed the invocation 30625: killed the high priestess of Moloch 30631: acquired The Amulet of Yendor 30707: killed the invisible Wizard of Yendor (2nd time) 31693: attained the rank of Daimyo (level 22) 31983: entered the Elemental Planes 31983: entered Plane of Earth 31983: killed the Wizard of Yendor (3rd time) 32045: entered Plane of Air 32103: entered Plane of Fire 32123: entered Plane of Water 32126: performed his first genocide (class ;) 32240: entered the Astral Plane 32242: wished for "blessed fixed partly eaten chickatrice corpse named Oh No Not Again", got "a partly eaten chickatrice corpse" 32252: killed the invisible Famine 32283: killed the invisible Famine (2nd time) 32311: killed Pestilence 32331: killed Pestilence (2nd time) 32350: killed Death 32378: killed Death (2nd time) 32379: ascended Inventory: Amulets U - an uncursed amulet of guarding l - an uncursed amulet of reflection (being worn) Weapons e - the blessed rustproof +6 Excalibur (wielded in right hand) a - a blessed rustproof +6 katana (wielded in left hand) Armor L - a blessed fireproof +5 elven leather helm (being worn) O - a blessed greased rustproof +2 pair of gauntlets of power (being worn) u - a blessed fireproof +3 pair of water walking boots (being worn) Y - a blessed fireproof +0 cloak of magic resistance (being worn) y - a blessed +4 Hawaiian shirt with a sailboat motif (being worn) f - a blessed +1 blue dragon scale mail (being worn) Comestibles q - a blessed partly eaten chickatrice corpse named Oh No Not Again S - an uncursed lizard corpse Rings R - an uncursed ring of free action (on right hand) A - an uncursed ring of levitation (on left hand) Wands n - a wand of create monster (0:13) p - a wand of death (0:3) N - a wand of death (1:1) o - a wand of digging (0:8) Q - a wand of fire (0:4) T - a wand of polymorph (0:3) c - a wand of teleportation (0:5) F - a wand of teleportation (0:1) M - a wand of wishing (1:0) Tools b - a blessed bag of holding containing 83 items Z - an uncursed sack containing 4 items z - an uncursed tooled horn D - the Bell of Opening (0:1) E - a blessed magic lamp (lit) B - a magic marker (0:36) k - an uncursed skeleton key s - an uncursed stethoscope m - an uncursed towel h - a blessed +0 unicorn horn Gems/Stones w - a blessed luckstone Contents of the bag of holding: 1596 gold pieces 102 +2 arrows a +0 yumi a +0 bullwhip an uncursed +0 helm of opposite alignment an uncursed +0 pair of yugake an uncursed +1 mummy wrapping an uncursed +0 oilskin cloak a blessed fireproof +3 robe 5 uncursed gunyoki 8 uncursed K-rations an uncursed sprig of wolfsbane 3 uncursed eggs an uncursed lizard corpse 3 blessed scrolls of blank paper 3 uncursed scrolls of blank paper a cursed scroll of blank paper an uncursed scroll of charging an uncursed scroll of destroy armor a cursed scroll of destroy armor an uncursed scroll of earth an uncursed scroll of magic mapping a blessed scroll of remove curse 4 uncursed scrolls of remove curse an uncursed scroll of stinking cloud an uncursed scroll of taming an uncursed spellbook of healing a cursed potion of acid 2 uncursed potions of extra healing a blessed potion of gain level 2 uncursed potions of gain level 2 blessed potions of healing 2 uncursed potions of healing an uncursed potion of paralysis 3 uncursed potions of polymorph 3 blessed potions of restore ability a blessed potion of speed 6 potions of holy water 6 uncursed potions of water 5 potions of unholy water named unholy an uncursed ring of conflict an uncursed ring of polymorph an uncursed ring of polymorph control an uncursed +0 ring of protection an uncursed ring of regeneration an uncursed ring of shock resistance an uncursed ring of teleport control a wand of cold (0:5) a wand of death (0:8) a wand of death (1:4) a wand of enlightenment (1:11) a wand of probing (0:6) a wand of secret door detection (0:13) a wand of sleep (0:4) a wand of speed monster (1:7) a wand of striking (0:6) a wand of teleportation (0:8) a wand of teleportation (0:8) a wand of teleportation (1:6) a wand of teleportation (1:5) a wand of teleportation (0:1) a wand of undead turning (4:12) an expensive camera (0:50) a blessed greased magic marker (1:5) a +0 pick-axe 19 uncursed tallow candles 2 uncursed amethyst stones an uncursed aquamarine stone an uncursed black opal 2 uncursed chrysoberyl stones 3 uncursed diamonds 6 uncursed emeralds 2 uncursed fluorite stones an uncursed garnet stone an uncursed jacinth stone an uncursed jade stone 2 uncursed jet stones an uncursed opal 5 uncursed rubies 2 uncursed sapphires an uncursed topaz stone a blessed luckstone a blessed touchstone Contents of the sack: a blessed scroll of scare monster a blessed potion of full healing a potion of holy water a wand of cancellation (0:0) Rootkit the Samurai's attributes: Background: You were a Daimyo, a level 22 male human Samurai. You were lawful, on a mission for Amaterasu Omikami who was opposed by Raijin (neutral) and Susanowo (chaotic). You were in the endgame, on the Astral Plane. You entered the dungeon 32379 turns ago. There was a new moon in effect when your adventure ended. You had 20041684 experience points, 9958316 more were needed for level 23. Your score was 1029058 before end-of-game adjustments. Basics: You had all 233 hit points. You had all 88 energy points (spell power). Your armor class was -27. Your wallet was empty. Autopickup was off. Final Characteristics: Your strength was 25 (base:18/20, innate limit:18/100). Your dexterity was 17 (peak:18, limit:18). Your constitution was 18 (limit:18). Your intelligence was 10 (limit:18). Your wisdom was 17 (limit:18). Your charisma was 8 (limit:18). Final Status: You were levitating. You were not hungry. You were unencumbered. You were wielding two weapons at once. Your skill in long sword was limited by being skilled with two weapons. You could have enhanced skill with two weapons. Final Attributes: You were the Hand of Elbereth. You were piously aligned. You were magic-protected. You were fire resistant. You were cold resistant. You were sleep resistant. You were disintegration-resistant. You were shock resistant. Your items were protected from electric shocks. You were poison resistant. You were level-drain resistant. You saw invisible. You were telepathic. You had automatic searching. You were invisible to others. You were stealthy. You could teleport. You could walk on water. You had a moderate defense bonus (+9). You were warded. You were very fast. You had reflection. You had free action. You were extremely lucky. You had extra luck. Good luck did not time out for you. You survived. Miscellaneous: You encountered 1 bones level. Total elapsed playing time was 16 hours, 18 minutes and 57 seconds. Vanquished creatures: Baalzebub Orcus Juiblex the Wizard of Yendor (thrice) Death (twice) Pestilence (twice) Famine (twice) Vlad the Impaler 3 arch-liches a high cleric a mastodon Medusa 11 krakens 3 iron golems 4 master liches 2 balrogs 4 purple worms a gray dragon 2 gold dragons 3 red dragons a white dragon 2 orange dragons 3 black dragons 4 blue dragons a green dragon a yellow dragon 11 minotaurs a jabberwock Ashikaga Takauji 4 baluchitheria 16 Angels 6 demiliches 4 stone golems 2 master mind flayers 3 Olog-hai 2 Nazgul 4 pit fiends a sandestin a hell hound 3 displacer beasts 5 titanotheres a trapper a baby blue dragon 2 genetic engineers a disenchanter 21 vampire leaders 5 skeletons 29 aligned clerics 6 captains 6 shades 6 liches 4 clay golems 6 nurses 3 ice devils 6 nalfeshnees 2 lurkers above 5 ettins 7 black puddings 33 vampires 5 lieutenants 30 ghosts a knight 10 samurai a queen bee a winged gargoyle a mind flayer 11 giant mimics 7 long worms 6 zruties 2 fire giants 3 ogre tyrants 2 ice trolls a rock troll 6 umber hulks a flesh golem 8 elven monarchs 5 hezrous 8 bone devils 7 large mimics 2 wumpuses 2 fire vortices a couatl 31 stalkers 3 air elementals 2 fire elementals 8 earth elementals 6 water elementals a hill giant 5 giant mummies 4 xorns 11 giant zombies 6 elf-nobles 9 sergeants a water demon 7 barbed devils a vrock 3 salamanders 10 wargs 2 winter wolves 6 hell hound pups 18 small mimics 2 glass piercers 5 warhorses 4 steam vortices 7 xans 4 ogre leaders 5 quantum mechanics 23 trolls a sasquatch 2 wood golems 3 erinyes a marilith 7 sharks 8 electric eels 3 gelatinous cubes 2 pyrolisks 3 large dogs a freezing sphere 2 flaming spheres 3 shocking spheres a large cat 3 tigers 2 gargoyles a dwarf ruler a tengu 6 ochre jellies 4 leocrottas 9 energy vortices 2 mountain centaurs a stone giant 6 elf mummies 3 human mummies 3 red nagas a green slime a python 4 pit vipers 3 cobras 52 wraiths 5 carnivorous apes 14 ettin zombies 3 leather golems 12 Grey-elves 52 soldiers 6 amorous demons 8 horned devils 2 chameleons a crocodile 11 giant beetles 5 quivering blobs 11 cockatrices 58 wolves 3 winter wolf cubs a lynx 5 panthers 14 gremlins 2 spotted jellies 24 leprechauns 11 orc-captains 5 mumakil 10 giant spiders 3 scorpions 5 horses an ice vortex 4 black lights 6 vampire bats 2 forest centaurs 4 gnome rulers 2 orc mummies 6 dwarf mummies 10 ogres 2 brown puddings 5 rust monsters 12 owlbears 3 yetis 2 gold golems 9 Green-elves 4 piranha 14 giant eels 14 lizards 21 ninja 5 chickatrices 4 dingoes 5 dogs 6 jaguars a dwarf leader 4 blue jellies a gray unicorn 3 black unicorns 5 dust vortices 6 ravens a plains centaur 5 snakes 12 apes 15 human zombies 8 rope golems 7 Woodland-elves 9 soldier ants 14 fire ants 17 bugbears 2 imps 3 lemures 3 quasits 2 wood nymphs 5 water nymphs 4 mountain nymphs 10 Mordor orcs 9 Uruk-hai 3 orc shamans 5 rock piercers a rock mole 4 ponies 4 fog clouds 6 yellow lights a shrieker 2 violet fungi 19 gnome leaders 12 gnomish wizards 5 gray oozes 3 barrow wights 20 elf zombies 15 ghouls 3 straw golems 5 jellyfish 17 giant ants 3 little dogs 7 floating eyes 2 kittens 9 dwarves 3 homunculi 2 kobold leaders 2 kobold shamans 14 hill orcs 16 rothes 2 rabid rats a centipede 2 giant bats 2 monkeys 24 orc zombies 10 dwarf zombies 3 wererats 2 werejackals 3 iguanas 42 killer bees 15 acid blobs 5 coyotes 2 gas spores 2 hobbits 5 large kobolds 25 hobgoblins 3 orcs 4 giant rats 8 cave spiders a brown mold a yellow mold 2 green molds 74 gnomes 9 garter snakes 15 gnome zombies 6 geckos 14 jackals 4 foxes 2 kobolds 8 goblins 3 sewer rats 9 grid bugs 3 bats 7 lichens 15 kobold zombies 13 newts 1800 creatures vanquished. Genocided or extinct species: erinyes (extinct) jellyfish piranha sharks giant eels electric eels krakens 6 species genocided. 1 species extinct. Voluntary challenges: You read items or engraved 145 times. You engraved Elbereth 5 times. You genocided 6 types of monsters. You never changed form. You used 6 wishes. You did not wish for any artifacts. You did not violate any of the special Sokoban rules. Achievements: You entered the Gnomish Mines. You attained the rank of Ronin. You entered Sokoban. You attained the rank of Ninja. You completed Sokoban. You entered Minetown. You completed the Gnomish Mines. You attained the rank of Joshu. You entered a shop. You entered the Big Room. You entered a temple. You learned the tune to open and close the Castle's drawbridge. You entered Gehennom. You attained the rank of Ryoshu. You had the Bell of Opening. You attained the rank of Kokushu. You handled the Candelabrum of Invocation. You defeated Medusa. You handled the Book of the Dead. You gained access to Moloch's Sanctum. You attained the rank of Daimyo. You reached the Elemental Planes. You reached the Astral Plane. You delivered the Amulet of Yendor. You ascended! The Elemental Planes: Astral Plane: <- You are here. Many temples. Plane of Water: Plane of Fire: Plane of Air: Plane of Earth: The Dungeons of Doom: levels 1 to 26 Level 1: A fountain. One way stairs up to The Elemental Planes. Level 2: "bars" A sink. Level 3: A sink. Stairs down to The Gnomish Mines. Level 4: A fountain. Level 5: A weapon shop, a fountain. Level 6: Some fountains. Oracle of Delphi. Level 7: A fountain. Stairs up to Sokoban, level 6. Level 8: Some fountains. Level 9: Some fountains. Level 10: A very big room. Level 11: Level 12: A temple to Amaterasu Omikami, a fountain. Level 13: An armor shop. Portal to The Quest. Level 14: Some fountains, a sink. Level 15: Level 16: A potion shop. Level 17: A primitive area. Level 18: A fountain. Level 19: Level 20: An altar. Level 21: A weapon shop. Level 22: Many altars. Level 23: Some fountains. Level 24: A temple to Amaterasu Omikami. Level 25: Level 26: A fountain. The castle (play notes "DCBDG" to open or close drawbridge). Connection to Gehennom. Gehennom: levels 27 to 47 Level 27: A temple, many graves. Valley of the Dead. Level 28: Level 29: Level 30: Level 31: Level 32: "Asmo" Level 33: Some fountains. Level 34: "Ballz" Level 35: Level 36: Level 37: "orcus" Some shops, an altar, many graves. Level 38: Level 39: "Rodney" Stairs up to Vlad's Tower, level 38. Level 40: Level 41: Level 42: "Wiz" Level 43: Level 44: "FakeWiz" Level 45: Level 46: Level 47: A temple, many graves. Moloch's Sanctum. The Gnomish Mines: levels 4 to 12 Level 4: A grave. Final resting place for efw-Pri-Hum-Mal-Law, killed by a gnome lord. Level 5: "White unis" Level 6: An altar to Amaterasu Omikami. Level 7: Level 8: Level 9: "Beware of the dragon" Level 10: Level 11: Level 12: A fountain. The Quest: levels 1 to 6 Level 1: Completed quest for Lord Sato. Level 2: Level 3: Level 4: Level 5: Level 6: Sokoban: levels 6 up to 3 Level 3: Solved. Level 4: Solved. Level 5: "White uni" Solved. Level 6: Solved. Vlad's Tower: levels 38 up to 36 Level 36: Level 37: Level 38: "White uni" Sayonara rootkit the Demigod... You went to your reward with 2146466 points, Excalibur (worth 4000 zorkmids and 10000 points) The Bell of Opening (worth 5000 zorkmids and 12500 points) 6 emeralds (worth 15000 zorkmids), 5 rubies (worth 17500 zorkmids), 3 diamonds (worth 12000 zorkmids), 2 sapphires (worth 6000 zorkmids), 2 jet stones (worth 1700 zorkmids), 2 chrysoberyl stones (worth 1400 zorkmids), 2 amethyst stones (worth 1200 zorkmids), 2 fluorite stones (worth 800 zorkmids), 1 jacinth stone (worth 3250 zorkmids), 1 black opal (worth 2500 zorkmids), 1 aquamarine stone (worth 1500 zorkmids), 1 topaz stone (worth 900 zorkmids), 1 opal (worth 800 zorkmids), 1 garnet stone (worth 700 zorkmids), 1 jade stone (worth 300 zorkmids), 1 amulet of reflection (worth 150 zorkmids), 1 amulet of guarding (worth 150 zorkmids), and 1596 pieces of gold, after 32379 moves. You were level 22 with a maximum of 233 hit points when you ascended.